 Dungeon Crawl Stone Soup version 0.28.0-1-gb440e238dd (webtiles) character file.

Game seed: 9285178975140005517

107 Colgate the Conjurer (level 4, -4/30 HPs)
             Began as a Demonspawn Conjurer on Feb 19, 2022.
             Killed from afar by an orc wizard (8 damage)
             ... with a puff of flame
             ... on level 2 of the Dungeon.
             The game lasted 00:11:39 (3527 turns).

Colgate the Conjurer (Demonspawn Conjurer)          Turns: 3527, Time: 00:11:40

Health: -4/30      AC:  2    Str:  7    XL:     4   Next: 57%
Magic:  1/7        EV: 12    Int: 23    God:
Gold:   71         SH:  0    Dex: 12    Spells: 4/7 levels left

rFire   . . .      SeeInvis .   a - +2 hand axe (vamp)
rCold   . . .      Faith    .   (no shield)
rNeg    . . .      Spirit   .   d - +0 robe
rPois   .          Reflect  .   (no helmet)
rElec   .          Harm     .   (no cloak)
rCorr   .          Rampage  .   (no gloves)
Will    .....                   (no boots)
Stlth   ++........              (no amulet)
HPRegen 0.10/turn               (no ring)
MPRegen 0.10/turn               (no ring)

@: no status effects
A: claws 2, big brain 1
a: no special abilities


You were on level 2 of the Dungeon.
You visited 1 branch of the dungeon, and saw 3 of its levels.

You collected 71 gold pieces.

Inventory:

Hand Weapons
 a - a +2 vampiric hand axe (weapon)
 c - a +1 whip of venom
Armour
 d - a +0 robe (worn)
Magical Staves
 b - a staff of conjuration
Scrolls
 e - a scroll of immolation
 g - a scroll of brand weapon


   Skills:
 - Level 1.7 Dodging
 - Level 1.7 Stealth
 - Level 2.0 Spellcasting
 + Level 6.0 Conjurations


You had 4 spell levels left.
You knew the following spells:

 Your Spells              Type           Power      Damage    Failure   Level
a - Magic Dart            Conj           100%       1d8       1%          1
b - Searing Ray           Conj           60%        2d6       1%          2

Your spell library contained the following spells:

 Spells                   Type           Power      Damage    Failure   Level
 Dazzling Flash           Conj/Hex       32%        N/A       11%         3
 Animate Skeleton         Necr           4%         N/A       13%         1
 Freeze                   Ice            8%         1d3       13%         1
 Pain                     Necr           8%         1d4       13%         1
 Frozen Ramparts          Ice            4%         1d2       36%         3
 Vampiric Draining        Necr           2%         2d6       36%         3
 Fulminant Prism          Conj/Hex       8%         3d7       36%         4
 Hailstorm                Conj/Ice       16%        3d6       36%         4
 Iskenderun's Mystic Bla  Conj/Tloc      16%        2d5       36%         4


Dungeon Overview and Level Annotations

Branches:
Dungeon (3/15)

Altars:

Annotations:
D:2 3 exclusions, Sigmund


Innate Abilities, Weirdness & Mutations

You have very sharp fingernails.
You have an unusually large brain. (Int +2)


Message History

You kill the goblin! (Press . to maintain the ray.)
Something hits you. Something completely misses you.
You climb upwards.
Level annotation: 3 exclusions, Sigmund Reactivating autopickup.
There is a stone staircase leading down here.
You hear some strange, mumbled words.
Deactivating autopickup; reactivate with Ctrl-A.
You are confused.
Something hits you.
There is a stone staircase leading down here.
Something hits you.
You completely miss something. Something hits you.
You bump into the rock wall.
Something hits you.
You feel a sense of dread.
a - a +2 vampiric hand axe (weapon)
You hear some strange, mumbled words.
Something tries to affect you, but you resist.
You completely miss something.
You feel less confused. Something hits you.
You miss something.
You hear some strange, mumbled words.
A puff of flame appears from out of thin air!
The puff of flame hits you!
* * * LOW HITPOINT WARNING * * *
You barely miss something.
You hear some strange, mumbled words.
A magic dart appears from out of thin air!
The magic dart hits you.
* * * LOW HITPOINT WARNING * * *
You hear some strange, mumbled words.
Something tries to affect you, but you resist.
You barely miss something.
You hear some strange, mumbled words.
A puff of flame appears from out of thin air!
The puff of flame hits you!
You die...

####.#.#.......#
####......###.##
.....###### #.#
####### #.# ......#
#.# #####.# #.# #.#
#.# #####.####
#.########
.........####.#.@{...#
#.##..##.........>.#.#
#####
#.##..#####.....##.#.#
##...## #.##..#
##....##.#.###.....#
.....<#
##.#..............#
###..##
#.##########.....#
.....# #.# ##...##
###.## ##'## ##..# #.#
##...## ##.#


There were no monsters in sight!

Vanquished Creatures
  2 adders (D:2)
  3 gnolls (D:2)
  2 worms (D:2)
  2 orcs (D:3)
  3 bats
  4 endoplasms
  2 giant cockroaches
  3 goblins
  4 hobgoblins
  7 kobolds
  5 quokkas
  4 ball pythons
  2 frilled lizards (D:1)
  8 rats
51 creatures vanquished.

Notes
Turn   | Place    | Note
-------+----------+-------------------------------------------
     0 | D:1      | Colgate the Demonspawn Conjurer began the quest for the
                  | Orb.
     0 | D:1      | Reached XP level 1. HP: 13/13 MP: 3/3
   209 | D:1      | Gained mutation: You have an unusually large brain. (Int
                  | +2) [demonic ancestry]
   209 | D:1      | Reached XP level 2. HP: 19/19 MP: 3/5
   265 | D:1      | Learned a level 2 spell: Searing Ray
  1173 | D:2      | Reached skill level 5 in Conjurations
  1173 | D:2      | Gained mutation: You have sharp fingernails. [demonic
                  | ancestry]
  1173 | D:2      | Reached XP level 3. HP: 24/24 MP: 2/6
  1220 | D:2      | Noticed Sigmund
  2382 | D:2      | Gained mutation: You have very sharp fingernails. [demonic
                  | ancestry]
  2382 | D:2      | Reached XP level 4. HP: 30/30 MP: 5/7
  2722 | D:2      | Reached skill level 6 in Conjurations
  3527 | D:2      | Killed from afar by an orc wizard

Illustrated notes

Levels and vault maps discovered:
D:1:      nicolae_arrival_memento_mori, layout_loops_cross
D:2:      layout_loops_corners, nicolae_wormholes, uniq_sigmund
D:3:      layout_loops_ring, mainiacjoe_overflow_chevrons, gup_sewer_entry_pipe,
          gammafunk_ghost_mausoleum, shapermc_ecumenical_altar_mp_highgroup,
          kennysheep_generic_room_11

Skill      XL: |  1  2  3  4 |
---------------+-------------+-----
Conjurations   | 5 6 |  6.0
Dodging        | |  1.7
Stealth        | |  1.7
Spellcasting   | |  2.0

Action                   |  1- 3 |  4- 6 || total
-------------------------+-------+-------++-------
Melee: Staff             |     3 |     1 ||     4
       Hand axe          |     1 |     4 ||     5
 Cast: Magic Dart        |    55 |     1 ||    56
       Searing Ray       |    16 |     7 ||    23
  Use: Potion            |     1 |       ||     1
       Scroll            |       |     2 ||     2
Armor: Robe              |       |     1 ||     1
Dodge: Dodged            |     5 |     4 ||     9
